 Dungeon Crawl Stone Soup version 0.31-a0-18-gea43df2a32 (webtiles) character file.

Game seed: 3583331430423062040

1246 senseless the Skirmisher (level 8, 0/48 HPs)
             Began as a Deep Elf Hunter on May 12, 2023.
             Was a Believer of Okawaru.
             Slain by a sky beast (3 damage)
             ... on level 6 of the Dungeon.
             The game lasted 00:14:24 (4226 turns).

senseless the Skirmisher (Deep Elf Hunter)          Turns: 4226, Time: 00:14:26

Health: 0/48       AC:  4    Str:  8    XL:     8   Next: 25%
Magic:  10/10      EV: 16    Int: 15    God:    Okawaru [**....]
Gold:   302        SH:  0    Dex: 20    Spells: 3/7 levels left

rFire   + . .        f - +5 mace
rCold   . . .        (no shield)
rNeg    + . .        c - +0 leather armour
rPois   .            (no helmet)
rElec   .            i - +0 cloak
rCorr   .            (no gloves)
SInv    .            (no boots)
Will    .....        q - amulet of regeneration
Stlth   ++           p - ring of positive energy
HPRegen 1.08/turn    w - ring of protection from fire
MPRegen 0.12/turn

%: no passive effects
@: no status effects
A: no striking features
a: Renounce Religion, Heroism


You were on level 6 of the Dungeon.
You worshipped Okawaru.
Okawaru was pleased with you.
You visited 2 branches of the dungeon, and saw 7 of its levels.

You collected 302 gold pieces.

Inventory:

Hand Weapons
 a - a +0 shortbow of freezing
 d - a +3 short sword
 f - a +5 mace (weapon)
Armour
 c - a +0 leather armour (worn)
 i - a +0 cloak (worn)
 v - a +3 ring mail
Jewellery
 h - an amulet of magic regeneration
 n - an amulet of faith
 p - a ring of positive energy (left hand)
 q - an amulet of regeneration (around neck)
 u - a ring of wizardry
 w - a ring of protection from fire (right hand)
 B - a ring of resist corrosion
Wands
 e - a wand of polymorph (7)
Scrolls
 b - a scroll of immolation
 j - a scroll of magic mapping
 l - 2 scrolls of teleportation
 m - 2 scrolls of blinking
 o - a scroll of torment
 r - 2 scrolls of poison
 C - a scroll of fear
Potions
 k - a potion of invisibility
 s - a potion of ambrosia
 t - a potion of cancellation
 x - 3 potions of curing
 z - 2 potions of brilliance
 A - 2 potions of berserk rage


   Skills:
 * Level 4.6 Fighting
 * Level 8.8 Ranged Weapons
 + Level 2.6 Armour
 * Level 6.9 Dodging
 - Level 1.2 Stealth


You had 3 spell levels left.
You knew the following spells:

 Your Spells              Type           Power      Damage    Failure   Level
a - Blink                 Tloc           0%         N/A       50%         2
b - Passwall              Tmut/Erth      0%         N/A       50%         2

Your spell library contained the following spells:

 Spells                   Type           Power      Damage    Failure   Level
 Magic Dart               Conj           0%         1d3       36%         1
 Ensorcelled Hibernation  Hex/Ice        0%         N/A       50%         2
 Lesser Beckoning         Tloc           0%         N/A       50%         2
 Momentum Strike          Conj/Tloc      0%         3d8       50%         2
 Mephitic Cloud           Conj/Pois/Air  0%         N/A       75%         3
 Swiftness                Air            0%         N/A       75%         3
 Call Imp                 Summ           Unusable   N/A       N/A         2
 Animate Dead             Necr           Unusable   N/A       N/A         4
 Haunt                    Necr/Summ      Unusable   N/A       N/A         7
 Infestation              Necr           Unusable   N/A       N/A         8

Dungeon Overview and Level Annotations

Branches:
Dungeon (6/15)             Temple (1/1) D:4

Altars:
Ashenzari
Cheibriados
Dithmenos
Elyvilon
Gozag
Hepliaklqana
Kikubaaqudgha
Makhleb
Nemelex Xobeh
Okawaru
Qazlal
Trog
Uskayaw
Wu Jian
Xom
The Shining One

Shops:
D:1 (   D:5 *


Message History

You shoot an arrow. Something hits you. Something shocks you.
Fire: a) +0 shortbow (freeze)
Press: ? - help, Q - select action, (/) - cycle Shift-Dir - straight line You shoot an arrow.
A sky beast appears from thin air!
Reactivating autopickup.
The sky beast closely misses you.
You shoot an arrow. The arrow closely misses the sky beast.
The sky beast flickers out of sight!
Deactivating autopickup; reactivate with Ctrl-A.
Something hits you. Something shocks you.
No target in view!
Your +0 shortbow of freezing stops glowing.
f - a +5 mace (weapon)
You closely miss something. Something hits you. Something shocks you.
Something hits you. Something shocks you.
You sock something! Something hits you. Something shocks you.
You hit something but do no damage. Something barely misses you.
You miss something. Something hits you but does no damage. Something hits you.
Something shocks you.
* * * LOW HITPOINT WARNING * * *
You miss something. Something barely misses you.
You closely miss something. Something hits you.
* * * LOW HITPOINT WARNING * * *
Something shocks you.
* * * LOW HITPOINT WARNING * * *
Something hits you but does no damage.
You hit something but do no damage. Something barely misses you.
You closely miss something.
A sky beast appears from thin air!
Reactivating autopickup.
The sky beast hits you but does no damage.
You barely miss the sky beast.
The sky beast is heavily wounded.
The sky beast hits you.
* * * LOW HITPOINT WARNING * * *
The sky beast shocks you.
* * * LOW HITPOINT WARNING * * *
The sky beast hits you.
You die...

.......#....#
####...#..... #. ... #...#
....... #...# #.#...#
#...# ..#.#.# #...#
###..... ###...## .....#
.... #......# ##.Y..#....#
#../...#######.@...#....
#...........####.......##
#...........# #..#.#.#...
#...........# ##.#...#.#.
#......###### #..........
#......##########.....##.
#.............##..[......
##...............#†###.#..
...............#.........


You could see a sky beast.

Vanquished Creatures
  Edmund (D:4)
  A water moccasin (D:5)
  2 black bears
  An ogre (D:5)
  A scorpion (D:5)
  3 wights (D:6)
  A howler monkey (D:4)
  Crazy Yiuf (D:2)
  2 hounds (D:5)
  3 orc priests (D:5)
  A gnoll bouda (D:4)
  2 orc wizards
  2 iguanas
  7 adders
  4 gnolls
  3 ufetubi (D:5)
  A worm (D:4)
  3 dart slugs
  7 orcs
  5 ball pythons
  8 endoplasms
  6 giant cockroaches
  4 goblins
  8 hobgoblins
  9 jackals
  3 quokkas
  4 bats
  6 frilled lizards
  6 kobolds
  8 rats
113 creatures vanquished.

Notes
Turn   | Place    | Note
-------+----------+-------------------------------------------
     0 | D:1      | senseless the Deep Elf Hunter began the quest for the Orb.
     0 | D:1      | Reached XP level 1. HP: 12/12 MP: 3/3
    62 | D:1      | Reached XP level 2. HP: 17/17 MP: 4/4
   279 | D:1      | Found Feefijir's Antique Weapon Shop.
   322 | D:1      | Reached XP level 3. HP: 21/21 MP: 5/5
   737 | D:2      | You fall into a shaft and drop 2 floors!
   781 | D:4      | Noticed Edmund
   831 | D:4      | Killed Edmund
   832 | D:4      | Reached skill level 6 in Ranged Weapons
   832 | D:4      | Reached XP level 4. HP: 27/27 MP: 6/6
   832 | D:4      | Reached XP level 5. HP: 31/31 MP: 7/7
   964 | D:4      | Reached skill level 1 in Armour
  1084 | D:4      | Found a staircase to the Ecumenical Temple.
  1112 | Temple   | Entered the Ecumenical Temple
  1248 | Temple   | Became a worshipper of Warmaster Okawaru
  1372 | D:4      | Reached XP level 6. HP: 34/37 MP: 8/8
  1912 | D:3      | Reached skill level 7 in Ranged Weapons
  2207 | D:2      | Found a runed translucent door.
  2208 | D:2      | Noticed Crazy Yiuf
  2338 | D:2      | Killed Crazy Yiuf
  2339 | D:2      | Reached skill level 5 in Dodging
  2502 | D:3      | Reached * piety under Okawaru
  2676 | D:3      | Found a faded altar of an unknown god.
  2930 | D:5      | Entered Level 5 of the Dungeon
  2939 | D:5      | Reached XP level 7. HP: 27/41 MP: 9/9
  3155 | D:5      | Found an ancient bone altar of Kikubaaqudgha.
  3167 | D:5      | Reached skill level 8 in Ranged Weapons
  3231 | D:5      | Learned a level 2 spell: Blink
  3236 | D:5      | Learned a level 2 spell: Passwall
  3359 | D:5      | Found Guerch's Assorted Antiques.
  3430 | D:5      | Found a broken altar of Ashenzari.
  3713 | D:5      | Reached XP level 8. HP: 48/48 MP: 10/10
  4082 | D:6      | Reached ** piety under Okawaru
  4103 | D:6      | Found a snail-covered altar of Cheibriados.
  4226 | D:6      | Slain by a sky beast

Illustrated notes

Levels and vault maps discovered:
D:1:      amcnicky_arrival_blooded_trapdoor, layout_rooms, serial_shops,
          nicolae_shop_rolling_square
D:2:      layout_rooms, uniq_crazy_yiuf_cottage
D:3:      layout_rooms, shapermc_ecumenical_altar_venn
D:4:      layout_loops_cross, minmay_temple_entry_offerings,
          grunt_ministairs_15, minmay_tree_intersection, minmay_bent,
          uniq_edmund
D:5:      layout_basic, kiku_gazebo_pond_becter,
          mainiacjoe_overflow_cross_hatched, serial_shops, shop_statue
D:6:      nicolae_cairo_tiling_large_dashed, layout_basic,
          mainiacjoe_overflow_surrounded_room
Temple:   hellmonk_temple_forest_ring

Skill      XL: |  1  2  3  4  5  6  7 |
---------------+----------------------+-----
Dodging        | 3 4 5 6 |  6.9
Fighting       | 2 3 4 |  4.6
Ranged Weapons | 6 7 8 |  8.8
Armour         | 1 2 |  2.6
Stealth        | |  1.2

Action                     |  1- 3 |  4- 6 |  7- 9 || total
---------------------------+-------+-------+-------++-------
  Melee: Unarmed           |    16 |       |       ||    16
         Shortbow          |     1 |       |       ||     1
         Punch             |     1 |       |       ||     1
         Mace              |       |       |     9 ||     9
   Fire: Shortbow          |   110 |   122 |   127 ||   359
    Use: Potion            |     5 |     1 |       ||     6
         Scroll            |       |     9 |     2 ||    11
   Stab: Invisible         |     1 |       |       ||     1
 Armour: Leather armour    |    10 |     7 |    18 ||    35
         Skin              |    20 |       |       ||    20
         Ring mail         |     3 |       |       ||     3
         Scale mail        |       |    11 |       ||    11
  Dodge: Dodged            |    50 |    45 |    68 ||   163

Table legend: (Time is in decaauts)
 A = Elapsed time spent in this place.
 B = Non-inter-level travel time spent in this place.
 C = Inter-level travel time spent in this place.
 D = Time resting spent in this place.
 E = Time spent auto-exploring this place.
 F = Levels seen in this place.
 G = Mean time per level.
                   A        B        C        D        E       F      G
               +--------+--------+--------+--------+--------+-----+--------+
         Total |   4325 |   3908 |    417 |     76 |   3009 |   7 |  617.9 |
       Dungeon |   4180 |   3771 |    409 |     76 |   2884 |   6 |  696.7 |
        Temple |    144 |    136 |      8 |      0 |    125 |   1 |  144.0 |
               +--------+--------+--------+--------+--------+-----+--------+

Top non-repeatable levels by time:
     D:5: 1100 daAuts
     D:4: 1049 daAuts
     D:2: 795 daAuts
     D:1: 549 daAuts
     D:3: 514 daAuts
     D:6: 170 daAuts
  Temple: 144 daAuts
